 Dungeon Crawl Stone Soup version 0.30.1-3-gfc49f6343a (webtiles) character file.

Game seed: 3144051079517954264

2932 Mune the Destroyer (level 9, -3/58 HPs)
             Began as a Demonspawn Fire Elementalist on Aug 9, 2023.
             Was a Follower of Vehumet.
             Slain by a hornet (15 damage)
             ... while paralysed by a hornet
             ... on level 8 of the Dungeon.
             The game lasted 00:18:36 (9490 turns).

Mune the Destroyer (Demonspawn Fire Elementalist)   Turns: 9490, Time: 00:18:37

Health: -3/58      AC:  2    Str:  9    XL:     9   Next: 50%
Magic:  16/18      EV:  2    Int: 21    God:    Vehumet [*.....]
Gold:   551        SH:  0    Dex: 13    Spells: 11/20 levels left

rFire   . . .        z - +2 flail (protect)
rCold   + . .        (no shield)
rNeg    + . .        l - +0 robe {rC+}
rPois   .            (no helmet)
rElec   .            (cloak unavailable)
rCorr   .            (no gloves)
SInv    .            (no boots)
Will    .....        (no amulet)
Stlth   ++           u - ring of positive energy
HPRegen 0.29/turn    (no ring)
MPRegen 0.16/turn

%: no passive effects
@: paralysed, mighty, lethally poisoned (-3 -> -8), slowed
A: repulsion field 1, powered by pain 1, weakness stinger 3
a: Renounce Religion


You were on level 8 of the Dungeon.
You worshipped Vehumet.
Vehumet was aware of your devotion.
You visited 2 branches of the dungeon, and saw 9 of its levels.

You collected 551 gold pieces.

Inventory:

Hand Weapons
 s - a +0 battleaxe
 z - a +2 flail of protection (weapon)
Missiles
 B - a throwing net
Armour
 l - a +0 robe of cold resistance (worn)
Magical Staves
 x - a staff of cold
Jewellery
 u - a ring of positive energy (left hand)
Wands
 w - a wand of paralysis (5)
 A - a wand of iceblast (10)
Scrolls
 a - 2 scrolls of noise {unknown}
 c - a scroll of silence {unknown}
 e - 2 scrolls of magic mapping
 f - 4 scrolls of fog {unknown}
 g - a scroll of torment
 k - a scroll of vulnerability {unknown}
 m - a scroll of brand weapon
 n - 2 scrolls of blinking {unknown}
 p - 2 scrolls of immolation {unknown}
 v - 2 scrolls of butterflies
 y - 3 scrolls of teleportation {unknown}
Potions
 b - a potion of magic
 d - 2 potions of curing
 h - 2 potions of degeneration
 i - a potion of mutation {unknown}
 j - 3 potions of ambrosia {unknown}
 o - a potion of resistance {unknown}
 q - 2 potions of might {unknown}
 r - a potion of heal wounds {unknown}
 t - 2 potions of lignification {unknown}


   Skills:
 - Level 0.3 Fighting
 - Level 0.2 Maces & Flails
 - Level 0.2 Polearms
 - Level 1.7 Dodging
 - Level 1.7 Stealth
 + Level 6.4 Spellcasting
 * Level 9.2 Conjurations
 + Level 6.7 Fire Magic


You had 11 spell levels left.
You knew the following spells:

 Your Spells              Type           Power      Damage    Failure   Level
a - Foxfire               Conj/Fire      100%       2x1d9     1%          1
b - Scorch                Fire           70%        2d7       1%          2
c - Flame Wave            Conj/Fire      40%        2d11      3%          4
d - Wereblood             Tmut           6%         N/A       14%         2

Your spell library contained the following spells:

 Spells                   Type           Power      Damage    Failure   Level
 Freeze                   Ice            24%        1d4       10%         1
 Inner Flame              Hex/Fire       21%        N/A       7%          3
 Volatile Blastmotes      Fire/Tloc      42%        2d13      7%          3
 Apportation              Tloc           12%        N/A       10%         1
 Beastly Appendage        Tmut           12%        N/A       10%         1
 Necrotise                Necr           24%        1d5       10%         1
 Summon Small Mammal      Summ           24%        N/A       10%         1
 Spider Form              Tmut/Pois      6%         N/A       28%         3
 Vampiric Draining        Necr           6%         2d6       28%         3
 Agony                    Necr           6%         N/A       95%         5


Dungeon Overview and Level Annotations

Branches:
Dungeon (8/15)             Temple (1/1) D:6
   Lair: D:8-11

Altars:
Ashenzari
Cheibriados
Dithmenos
Fedhas
Gozag
Hepliaklqana
Kikubaaqudgha
Makhleb
Nemelex Xobeh
Okawaru
Qazlal
Ru
Sif Muna
Trog
Uskayaw
Vehumet
Wu Jian
Xom
Yredelemnul

Shops:
D:1 [

Annotations:
D:8 1 runed translucent door


Innate Abilities, Weirdness & Mutations

You are surrounded by a mild repulsion field. (EV +2)
You sometimes gain a little power by taking damage.
You have a sharp stinger which inflicts weakening toxins.


Message History

There is an open door here.
You see here a bat corpse.
There is an open door here.
There is a shimmering blue altar of Sif Muna here.
There is an open door here.
There is an open door here.
There is an open door here.
There is an open door here.
You open the door.
A hornet comes into view.
There is an open door here.
You conjure some foxfire!
Your foxfire dissipates!
You conjure some foxfire!
You conjure some foxfire!
Your foxfire dissipates!
You conjure some foxfire!
Your foxfire dissipates! x2
Your foxfire dissipates! x2
Your foxfire dissipates!
Your foxfire dissipates!
The hornet buzzes angrily.
There is an open door here.
Casting: Foxfire (safe; 1% risk of failure)
Confirm with . or Enter, or press ? or * to list all spells.
Flames lash the hornet.
The hornet is lightly wounded.
The hornet's fire resistance burns away.
The hornet stings you!
You focus on the pain.
You feel very mighty all of a sudden.
You are poisoned.
You suddenly lose the ability to move!
The hornet stings you.
You feel yourself slow down.
You feel very sick. The hornet stings you!
You shrug off the repeated paralysis!
You feel yourself speed up.
You feel sick. The hornet stings you!
* * * LOW HITPOINT WARNING * * *
You feel yourself slow down. The hornet stings you!
You die...

#.....# #...<.#
#.....#### +.....'.>#
#.....##.#
##.....##.########
#......##.##......
####......##.##......
#..y@..#####..'......
#..##...# ####.[....
.... #...# #......
.### #...# #......
#...# ####### ###.#
####### ##.## #......
#####8.8##### #.#####
##...##'##...###......


You could see a hornet (combustible).

Vanquished Creatures
  Grinder (D:6)
  Sigmund (D:3)
  A shadow (D:7)
  5 wraiths (D:8)
  Edmund (D:6)
  A sky beast (D:8)
  A water moccasin (D:6)
  4 ogres
  The ghost of zzuzz the Insei, an amateur DsTm (D:3)
  2 kobold brigands
  A bullfrog (D:7)
  4 killer bees (D:8)
  2 hounds
  4 jellies
  2 orc priests (D:7)
  A sleepcap (D:5)
  2 iguanas
  2 orc wizards
  6 adders
  A shadow imp (D:7)
  3 white imps
  An ufetubus (D:7)
  A worm (D:3)
  A dart slug (D:3)
  9 orcs
  5 ball pythons
  6 endoplasms
  6 giant cockroaches
  9 goblins
  8 hobgoblins
  2 jackals (D:2)
  3 quokkas
  18 bats
  A frilled lizard (D:2)
  16 kobolds
  8 rats
140 creatures vanquished.

Vanquished Creatures (others)
  771 foxfires
771 creatures vanquished.

Grand Total: 911 creatures vanquished

Notes
Turn   | Place    | Note
-------+----------+-------------------------------------------
     0 | D:1      | Mune the Demonspawn Fire Elementalist began the quest for
                  | the Orb.
     0 | D:1      | Reached XP level 1. HP: 13/13 MP: 3/3
   132 | D:1      | Found Soicycig's Antique Armour Emporium.
   396 | D:1      | Gained mutation: You sometimes gain a little power by
                  | taking damage. [demonic ancestry]
   396 | D:1      | Reached XP level 2. HP: 19/19 MP: 0/5
  1096 | D:2      | Gained mutation: You have a small tail. [demonic ancestry]
  1096 | D:2      | Reached XP level 3. HP: 24/24 MP: 1/6
  1901 | D:3      | Reached skill level 2 in Conjurations
  1944 | D:3      | Noticed Sigmund
  2028 | D:3      | Gained mutation: You have a tail ending in a sharp stinger.
                  | [demonic ancestry]
  2028 | D:3      | Reached XP level 4. HP: 30/30 MP: 2/7
  2139 | D:3      | Learned a level 2 spell: Scorch
  2144 | D:3      | Learned a level 4 spell: Flame Wave
  2223 | D:3      | Killed Sigmund
  2224 | D:3      | Reached skill level 3 in Conjurations
  2224 | D:3      | Gained mutation: You have a sharp stinger which inflicts
                  | weakening toxins. [demonic ancestry]
  2224 | D:3      | Reached XP level 5. HP: 22/35 MP: 1/10
  2529 | D:3      | Found a runed translucent door.
  2529 | D:3      | Noticed zzuzz's ghost (amateur DsTm)
  2864 | D:3      | Killed zzuzz's ghost
  2865 | D:3      | Reached skill level 4 in Conjurations
  2865 | D:3      | Gained mutation: You are surrounded by a mild repulsion
                  | field. (EV +2) [demonic ancestry]
  2865 | D:3      | Reached XP level 6. HP: 32/41 MP: 2/11
  3948 | D:5      | Entered Level 5 of the Dungeon
  3994 | D:5      | Found a sparkling altar of Nemelex Xobeh.
  4040 | D:5      | Reached XP level 7. HP: 47/47 MP: 7/13
  4239 | D:5      | Reached skill level 5 in Conjurations
  4659 | D:5      | Found a stormy altar of Qazlal.
  4671 | D:5      | Found an ornate altar of the Wu Jian Council.
  4699 | D:5      | Found a shimmering blue altar of Sif Muna.
  4853 | D:5      | Reached skill level 5 in Fire Magic
  5335 | D:6      | Noticed Grinder
  5352 | D:6      | Killed Grinder
  5353 | D:6      | Reached skill level 6 in Conjurations
  5353 | D:6      | Reached XP level 8. HP: 53/53 MP: 4/15
  5833 | D:6      | Reached skill level 5 in Spellcasting
  5917 | D:6      | Found a staircase to the Ecumenical Temple.
  5929 | Temple   | Entered the Ecumenical Temple
  6036 | Temple   | Became a worshipper of Vehumet
  6259 | D:6      | Noticed Edmund
  6280 | D:6      | Killed Edmund
  6281 | D:6      | Reached skill level 7 in Conjurations
  7640 | D:7      | Found a sacrificial altar of Ru.
  8126 | D:7      | Reached skill level 8 in Conjurations
  8337 | D:8      | Learned a level 2 spell: Wereblood
  8404 | D:8      | Reached XP level 9. HP: 27/58 MP: 5/17
  8684 | D:8      | Found a runed translucent door.
  8768 | D:8      | Found a hazy altar of Hepliaklqana.
  8802 | D:8      | Found a hazy altar of Hepliaklqana.
  8856 | D:8      | Found a shimmering blue altar of Sif Muna.
  8877 | D:8      | Found a bloodstained altar of Trog.
  8888 | D:8      | Reached * piety under Vehumet
  8888 | D:8      | Offered knowledge of Freeze by Vehumet.
  9125 | D:8      | Reached skill level 9 in Conjurations
  9270 | D:8      | Found a hazy altar of Hepliaklqana.
  9396 | D:8      | Found a shadowy altar of Dithmenos.
  9488 | D:8      | Paralysed by a hornet for 3 turns
  9490 | D:8      | Slain by a hornet

Illustrated notes

Levels and vault maps discovered:
D:1:      minmay_arrival_semitransparent, layout_rooms, serial_shops, shop
D:2:      layout_rooms
D:3:      layout_rooms, gammafunk_ghost_grave, uniq_sigmund
D:4:      cheibrodos_thug_alley, layout_rooms
D:5:      layout_cave_pods, led_sif_pool, nicolae_overflow_quartered_altars,
          zin_statuary, kennysheep_generic_room_8
D:6:      layout_layer_cave, minmay_temple_entry_grid,
          kennysheep_cluttered_room, uniq_edmund, uniq_grinder
D:7:      layout_basic, nicolae_ru_sacrificial_ziggurat,
          hangedman_abyss_or_decor_lesser_grid, minmay_fountain_box,
          dk_noncrumbling_4
D:8:      due_megacathedral, layout_basic, dreamdust_princess_corridor
Temple:   regret_index_temple_generic_petals

Skill      XL: |  1  2  3  4  5  6  7  8  9 |
---------------+----------------------------+-----
Fire Magic     | 3 4 5 6 |  6.7
Conjurations   | 2 3 4 6 8 9 |  9.2
Spellcasting   | 3 4 5 6 |  6.4
Fighting       | |  0.3
Maces & Flails | |  0.2
Polearms       | |  0.2
Dodging        | |  1.7
Stealth        | |  1.7

Action                     |  1- 3 |  4- 6 |  7- 9 || total
---------------------------+-------+-------+-------++-------
  Melee: Unarmed           |    11 |       |       ||    11
         Club              |    14 |     8 |       ||    22
         Halberd           |       |    13 |       ||    13
         Battleaxe         |       |     1 |     6 ||     7
         Tailslap          |       |       |     5 ||     5
         Flail             |       |       |     5 ||     5
   Cast: Foxfire           |   103 |   135 |   239 ||   477
         Scorch            |       |     4 |    30 ||    34
         Flame Wave        |       |       |     3 ||     3
    Use: Scroll            |       |     3 |     2 ||     5
         Potion            |       |     2 |     3 ||     5
 Armour: Robe              |     9 |     7 |    10 ||    26
  Dodge: Dodged            |    29 |    18 |    66 ||   113
